 Dungeon Crawl Stone Soup version 0.19.1 (webtiles) character file.

194 Melicamp the Ruffian (level 5, -6/44 HPs)
             Began as a Naga Transmuter on Dec 1, 2016.
             Killed by divine providence
             ... invoked by an orc priest
              (12 damage)
             ... on level 4 of the Dungeon.
             The game lasted 00:18:52 (4238 turns).

Melicamp the Ruffian (Naga Transmuter)              Turns: 4238, Time: 00:18:53

Health: -6/44      AC:  3    Str: 13    XL:     5   Next: 73%
Magic:  6/8        EV:  9    Int: 14    God:
Gold:   156        SH:  3    Dex: 11    Spells: 3 memorised, 2 levels left

rFire  . . .     SeeInvis +       - Unarmed
rCold  . . .     Gourm    .     j - +0 robe
rNeg   . . .     Faith    .     u - +0 buckler
rPois  +         Spirit   .     (no helmet)
rElec  .         Reflect  .     b - +0 cloak
rCorr  .         Harm     .     (no gloves)
MR     .....                    (no barding)
Stlth  +.........               (no amulet)
                                (no ring)
                                (no ring)

@: appendage, very slow
A: horns 2, see invisible, deformed body, poison resistance, slowness 2, slow
metabolism 1, spit poison 1, AC +1
a: Spit Poison, End Transformation


You were on level 4 of the Dungeon.
You were hungry.
You had grown temporary horns.
You visited 1 branch of the dungeon, and saw 4 of its levels.

You collected 156 gold pieces.

Inventory:

Missiles
 a - 5 arrows (quivered)
Armour
 b - a +0 cloak (worn)
 j - a +0 robe (worn)
 u - a +0 buckler (worn)
Jewellery
 l - a +5 ring of intelligence {unknown}
 w - an uncursed amulet of regeneration {unknown}
Wands
 e - a wand of confusion (36/48)
Scrolls
 n - a scroll of enchant weapon
 q - a scroll of recharging {unknown}
 r - a scroll of amnesia
Potions
 g - a potion of brilliance {unknown}
 k - a potion of curing {unknown}
 m - 3 potions of flight
 o - a potion of haste {unknown}
Books
 c - a book of Changes

   Spells                             Type                      Level
   a - Beastly Appendage              Transmutation                1
   b - Sticks to Snakes               Transmutation                2
   c - Spider Form                    Transmutation/Poison         3
   d - Ice Form                       Ice/Transmutation            4
   e - Blade Hands                    Transmutation                5
Comestibles
 d - 4 bread rations
 f - 3 fruits
 h - a meat ration
 i - 2 chunks of flesh
 p - a beef jerky
 s - a royal jelly


   Skills:
 - Level 1.0 Fighting
 - Level 1.5 Dodging
 - Level 4.6 Unarmed Combat
 - Level 2.0 Spellcasting
 * Level 4.4 Transmutations


You had 2 spell levels left.
You knew the following spells:

 Your Spells              Type           Power        Failure   Level  Hunger
a - Beastly Appendage     Tmut           ##....       10%         1    ##.....
b - Sticks to Snakes      Tmut           ##......     12%         2    ###....
c - Spider Form           Tmut/Pois      #.........   54%         3    ####...


Dungeon Overview and Level Annotations

Branches:
Dungeon (4/15)
 Temple: D:4-7

Altars:


Innate Abilities, Weirdness & Mutations

You cannot wear boots.
Your serpentine skin is tough. (AC +1)
You have supernaturally acute eyesight. (SInv)
Armour fits poorly on your strangely shaped body.
Your system is resistant to poisons. (rPois)
You cover ground very slowly.
You have a slow metabolism.
You can spit poison.
You have a pair of horns on your head.


Message History

Evoke which item? (* to show all) (? for menu, Esc to quit)
Zapping:
e - a wand of confusion {zapped: 3} (will waste charges)
Press: ? - help, Shift-Dir - straight line, f/p - orc wizard
Aim: an orc wizard, wielding a dagger and wearing a robe (slightly transparent, chance to defeat MR: 46%)
The orc wizard appears confused.
Evoking this partially-identified wand wasted a few charges.
The orc priest calls down the wrath of Beogh upon you.
Beogh smites you!
* * * LOW HITPOINT WARNING * * *
The orc wizard hits the orc priest with a dagger.
An orc wizard comes into view. It is wielding a dagger.
The orc wizard points at you and mumbles some strange words.
The magic dart hits the orc wizard.
The orc wizard hits the orc priest with a dagger.
The orc priest calls down the wrath of Beogh upon you.
The orc wizard writhes in agony!
The orc wizard dies!
The orc priest mumbles some strange prayers to Beogh against you.
Beogh smites you!
You die...

#.### #...#
###.# #.#
###.#######.
#..<...........
#.#.#########.#
#.#.####### #..
# #.@...oo# #.#
#######.# #.#
#.# #.#####
#o###...?.##.
#..)...S.....
#####.#$.....
...##...##
...o.# #.##
#.##..# ##


You could see an orc priest and an orc wizard (invisible).

Vanquished Creatures
  A worker ant (D:4)
  5 adders
  A river rat (D:3)
  3 oozes
  4 worms (D:3)
  2 dart slugs (D:2)
  2 leopard geckos
  4 orcs
  5 giant cockroaches
  13 goblins
  14 hobgoblins
  5 kobolds
  3 ball pythons (D:3)
  7 bats
  2 frilled lizards
  17 rats
88 creatures vanquished.

Vanquished Creatures (collateral kills)
  A giant cockroach (D:3)
  2 rats (D:3)
3 creatures vanquished.

Vanquished Creatures (others)
  An orc wizard (D:4)
1 creature vanquished.

Grand Total: 92 creatures vanquished

Notes
Turn   | Place    | Note
-------+----------+-------------------------------------------
     0 | D:1      | Melicamp the Naga Transmuter began the quest for the Orb.
     0 | D:1      | Reached XP level 1. HP: 18/18 MP: 3/3
   194 | D:1      | Reached XP level 2. HP: 11/25 MP: 1/5
   985 | D:1      | Reached XP level 3. HP: 25/31 MP: 3/6
  1788 | D:2      | Learned a level 2 spell: Sticks to Snakes
  1792 | D:2      | Learned a level 3 spell: Spider Form
  1867 | D:2      | Reached XP level 4. HP: 28/38 MP: 7/7
  3238 | D:3      | Reached XP level 5. HP: 42/44 MP: 6/8
  4238 | D:4      | Killed from afar by an orc priest

Skill      XL: |  1  2  3  4  5 |
---------------+----------------+-----
Unarmed Combat | 4 |  4.6
Transmutations | 3 4 |  4.4
Fighting       | |  1.0
Dodging        | |  1.5
Spellcasting   | |  2.0

Action                   |  1- 3 |  4- 6 || total
-------------------------+-------+-------++-------
Melee: Unarmed           |    94 |   197 ||   291
       Headbutt          |     9 |    20 ||    29
       Punch             |     1 |       ||     1
 Cast: Beastly Appendage |    15 |    26 ||    41
       Sticks to Snakes  |       |     7 ||     7
Evoke: Wand              |       |     2 ||     2
  Use: Scroll            |     6 |     3 ||     9
       Potion            |       |     1 ||     1
 Stab: Sleeping          |       |     2 ||     2
  Eat: Chunk             |     1 |     8 ||     9
Armor: Robe              |    26 |    28 ||    54
Dodge: Dodged            |    42 |    80 ||   122
Block: Buckler           |       |    10 ||    10
